 Dungeon Crawl Stone Soup version 0.30-a0-556-g0a0f5a245f (webtiles) character file.

Game seed: 13549743060692835168

30 Bnni the Vexing (level 3, 0/26 HPs)
             Began as a Formicid Hexslinger on Dec 27, 2022.
             Slain by a worm (8 damage)
             ... on level 2 of the Dungeon.
             The game lasted 00:03:15 (934 turns).

Bnni the Vexing (Formicid Hexslinger)                Turns: 934, Time: 00:03:15

Health: 0/26       AC:  2    Str: 14    XL:     3   Next: 35%
Magic:  4/5        EV: 12    Int: 14    God:
Gold:   88         SH:  0    Dex: 14    Spells: 1/5 levels left

rFire   . . .      SeeInvis +    a - +1 sling
rCold   . . .      Faith    .    (no shield)
rNeg    . . .      Spirit   .    c - +0 robe
rPois   .          Reflect  .    (helmet unavailable)
rElec   .          Harm     .    (no cloak)
rCorr   .          Rampage  .    (no gloves)
Will    .....                    (no boots)
Stlth   +                        (no amulet)
HPRegen 0.24/turn                (no ring)
MPRegen 0.09/turn                (no ring)

@: no status effects
A: permanent stasis, dig shafts and tunnels, antennae 3, four strong arms
a: Dig, Shaft Self


You were on level 2 of the Dungeon.
You visited 1 branch of the dungeon, and saw 2 of its levels.

You collected 88 gold pieces.

Inventory:

Hand Weapons
 a - a +1 sling (weapon)
Armour
 c - a +0 robe (worn)
 f - a +0 buckler
Scrolls
 b - a scroll of poison
 e - a scroll of amnesia {unknown}
 i - a scroll of vulnerability {unknown}
 j - 2 scrolls of brand weapon {unknown}
 k - a scroll of teleportation {unknown}
Potions
 d - a potion of mutation {unknown}
 g - a potion of invisibility {unknown}
 h - a potion of attraction {unknown}
 l - a potion of haste {unknown}


   Skills:
 + Level 1.4 Fighting
 * Level 2.5 Ranged Weapons
 - Level 1.7 Dodging
 + Level 0.3 Shields
 + Level 1.5 Spellcasting
 * Level 4.1 Hexes
 + Level 0.6 Fire Magic


You had one spell level left.
You knew the following spells:

 Your Spells              Type           Power      Damage    Failure   Level
a - Slow                  Hex            48%        N/A       4%          1
b - Inner Flame           Hex/Fire       7%         N/A       28%         3

Your spell library contained the following spells:

 Spells                   Type           Power      Damage    Failure   Level
 Portal Projectile        Hex/Tloc       12%        N/A       32%         3
 Static Discharge         Conj/Air       2%         2-3/arc   36%         2
 Sublimation of Blood     Necr           1%         N/A       36%         2
 Wereblood                Tmut           1%         N/A       36%         2
 Cause Fear               Hex            6%         N/A       43%         4
 Vhi's Electric Charge    Tloc/Air       2%         N/A       58%         3
 Arcjolt                  Conj/Air       0%         1d10      100%        5
 Lightning Bolt           Conj/Air       0%         1d11      100%        5
 Summon Hydra             Summ           0%         N/A       100%        7


Dungeon Overview and Level Annotations

Branches:
Dungeon (2/15)

Altars:


Innate Abilities, Weirdness & Mutations

You cannot be hasted, slowed, berserked, paralysed or teleported.
You can dig through walls and to a lower floor.
You have a pair of large antennae on your head. (SInv)
Your four strong arms can wield two-handed weapons with a shield.


Message History

Unknown command.
Fire: a) +1 sling
Press: ? - help, Shift-Dir - straight line, f/p - worm
Aim: a worm (almost dead, 77% to hit)
Fire: a) +1 sling
Press: ? - help, Shift-Dir - straight line, f/p - worm
Aim: a worm (almost dead, 77% to hit)
You shoot a sling bullet.
The sling bullet hits the worm but does no damage.
The worm is almost dead.
The worm bites you but does no damage.
Unknown command.
Fire: a) +1 sling
Press: ? - help, Shift-Dir - straight line, f/p - worm
Aim: a worm (severely wounded, 77% to hit)
You shoot a sling bullet.
The sling bullet hits the worm but does no damage.
The worm is severely wounded.
Unknown command.
Fire: a) +1 sling
Press: ? - help, Shift-Dir - straight line, f/p - worm
Aim: a worm (severely wounded, 77% to hit)
You shoot a sling bullet.
The sling bullet barely misses the worm.
The worm bites you.
* * * LOW HITPOINT WARNING * * *
Fire: a) +1 sling
Press: ? - help, Shift-Dir - straight line, f/p - worm
Aim: a worm (severely wounded, 77% to hit)
You shoot a sling bullet.
The sling bullet barely misses the worm.
The worm closely misses you.
Fire: a) +1 sling
Press: ? - help, Shift-Dir - straight line, f/p - worm
Aim: a worm (severely wounded, 77% to hit)
You shoot a sling bullet.
The sling bullet hits the worm but does no damage.
The worm is severely wounded.
The worm bites you!
You die...

#..†....#.##...#
#.#####...# ...#
#.# #...# .##
#.# ##### ..
####.##### #
#..# #........#
#..# #.##.###.#
#..# # #.###.##
#... # #....w@#
##.#
#.####.#..###...
#...
#...(...).......
##...
###....†.......
+....
##...#.#.....
##.#.
#..##.#.#...
#.##
#.....#.##..
#... #.#####.#
#. #### ##.##
#.# #+# #


You could see a worm.

Vanquished Creatures
  A worm (D:2)
  A dart slug (D:1)
  2 ball pythons
  2 endoplasms (D:1)
  A giant cockroach (D:1)
  2 goblins (D:2)
  3 kobolds
  A quokka (D:1)
  6 bats
  3 frilled lizards
  3 rats
25 creatures vanquished.

Notes
Turn   | Place    | Note
-------+----------+-------------------------------------------
     0 | D:1      | Bnni the Formicid Hexslinger began the quest for the Orb.
     0 | D:1      | Reached XP level 1. HP: 15/15 MP: 2/2
   136 | D:1      | Reached XP level 2. HP: 17/21 MP: 3/3
   446 | D:1      | Reached skill level 4 in Hexes
   563 | D:2      | Reached XP level 3. HP: 26/26 MP: 5/5
   567 | D:2      | Learned a level 3 spell: Inner Flame
   934 | D:2      | Slain by a worm

Illustrated notes

Levels and vault maps discovered:
D:1:      ebering_trefoil_3fold, layout_rooms
D:2:      layout_loops_corners

Skill      XL: |  1  2 |
---------------+-------+-----
Hexes          | 4 |  4.1
Fighting       | |  1.4
Ranged Weapons | |  2.5
Dodging        | |  1.7
Shields        | |  0.3
Spellcasting   | |  1.5
Fire Magic     | |  0.6

Action                   || total
-------------------------++-------
 Fire: Sling             ||   116
 Cast: Slow              ||     9
Armor: Robe              ||    10
Dodge: Dodged            ||    26

Table legend: (Time is in decaauts)
 A = Elapsed time spent in this place.
 B = Non-inter-level travel time spent in this place.
 C = Inter-level travel time spent in this place.
 D = Time resting spent in this place.
 E = Time spent auto-exploring this place.
 F = Levels seen in this place.
 G = Mean time per level.
                   A        B        C        D        E       F      G
               +--------+--------+--------+--------+--------+-----+--------+
         Total |    966 |    949 |     17 |     67 |    612 |   2 |  483.0 |
       Dungeon |    966 |    949 |     17 |     67 |    612 |   2 |  483.0 |
               +--------+--------+--------+--------+--------+-----+--------+

Top non-repeatable levels by time:
     D:1: 524 daAuts
     D:2: 442 daAuts
